 Dungeon Crawl Stone Soup version 0.24.0-123-gd5b16e6ec5 (webtiles) character file.

Game seed: 15631184899480086030, levelgen mode: deterministic

253 testmoya the Archer (level 5, 18/46 HPs)
             Began as a Centaur Hunter on Jan 1, 2020.
             Quit the game on level 2 of the Dungeon.
             The game lasted 00:28:01 (4986 turns).

testmoya the Archer (Centaur Hunter)                Turns: 4986, Time: 00:28:02

Health: 18/46      AC:  5    Str: 15    XL:     5   Next: 90%
Magic:  5/5        EV:  8    Int: 10    God:
Gold:   131        SH:  0    Dex: 10    Spells: 4/4 levels left

rFire    . . .     SeeInvis +   b - +0 short sword
rCold    . . .     Gourm    .   (no shield)
rNeg     . . .     Faith    .   q - +0 ring mail
rPois    .         Spirit   .   (no helmet)
rElec    .         Reflect  .   (no cloak)
rCorr    .         Harm     .   (no gloves)
MR       .....                  (no barding)
Stlth    ..........             (no amulet)
HPRegen  0.15/turn              u - ring of see invisible
MPRegen  0.09/turn              s - -4 ring of slaying (curse)

@: very quick
A: large, hooves 3, deformed body, speed 2, tough skin 3
a: no special abilities


You were on level 2 of the Dungeon.
You were completely stuffed.

You visited 1 branch of the dungeon, and saw 4 of its levels.

You collected 131 gold pieces.

Inventory:

Hand Weapons
 a - a +1 shortbow
 b - a +0 short sword (weapon)
 m - a +1 vampiric short sword
Missiles
 d - 70 arrows
 i - 28 poisoned darts (quivered)
Armour
 q - a +0 ring mail (worn)
Jewellery
 h - an uncursed ring of positive energy
 s - a cursed -4 ring of slaying (right hand)
 t - an uncursed ring of magical power
 u - a ring of see invisible (left hand)
 v - an uncursed ring of positive energy
Wands
 x - a wand of random effects (16)
Scrolls
 e - a scroll of magic mapping {unknown}
 j - a scroll of enchant armour {unknown}
 k - 4 scrolls of remove curse
 o - a scroll of amnesia
Potions
 l - a potion of cancellation {unknown}
 n - a potion of haste {unknown}
 p - a potion of flight
Comestibles
 f - 3 rations


   Skills:
 + Level 3.8 Fighting
 * Level 8.4 Bows
 - Level 1.3 Dodging
 - Level 0.4 Stealth


You had 4 spell levels left.
You didn't know any spells.
Your spell library was empty.

Dungeon Overview and Level Annotations

Branches:
Dungeon (4/15)
 Temple: D:4-7

Altars:
Dithmenos
Fedhas
Kikubaaqudgha
Ru
Sif Muna
Trog
Vehumet
Wu Jian
Xom
The Shining One

Annotations:
D:2 exclusion: downstairs


Innate Abilities, Weirdness & Mutations

You have hooves in place of feet.
Armour fits poorly on your strangely shaped body.
You cover ground very quickly.
You have extremely tough skin. (AC +3)


Message History

Your surroundings suddenly seem different.
You start resting.
You are starving!
You're too hungry to rest.
You eat one of the 6 rations.
That ration really hit the spot!
You eat one of the 5 rations.
That ration really hit the spot!
You eat one of the 4 rations.
That ration really hit the spot!
You're too full to eat anything.
Throwing (i - inventory)
i - 28 poisoned darts (quivered)
Press: ? - help, Shift-Dir - straight line, f - you Really target yourself? [Y]es or [N]o only, please.
Really target yourself? [Y]es or [N]o only, please.
Really target yourself? [Y]es or [N]o only, please.
Really target yourself?
Okay, then.
Unknown command.
Are you sure you want to abandon this character and quit the game? (Confirm with "yes".)

######
#....#
#@#.##
#.#.#
#.#.#
#.#.#
#.#.#
#.#.#
#.#.#
#.#.#
#.#.#


There were no monsters in sight!

Vanquished Creatures
  A scorpion (D:3)
  2 orc priests (D:3)
  A hound (D:3)
  An orc wizard (D:3)
  An adder (D:3)
  3 worms
  2 dart slugs
  A leopard gecko (D:3)
  3 orcs
  2 ball pythons
  6 giant cockroaches
  11 goblins
  4 hobgoblins (D:1)
  3 jackals (D:2)
  5 kobolds
  7 bats
  4 frilled lizards
  A quokka skeleton (D:3)
  10 rats
68 creatures vanquished.

Notes
Turn   | Place    | Note
-------+----------+-------------------------------------------
     0 | D:1      | testmoya the Centaur Hunter began the quest for the Orb.
     0 | D:1      | Reached XP level 1. HP: 17/17 MP: 1/1
   292 | D:1      | Reached XP level 2. HP: 24/24 MP: 2/2
   468 | D:1      | Reached skill level 6 in Bows
  1143 | D:2      | Reached XP level 3. HP: 26/30 MP: 3/3
  1671 | D:2      | Found an ornate altar of the Wu Jian Council.
  1734 | D:2      | Found an ancient bone altar of Kikubaaqudgha.
  1735 | D:2      | Found a sacrificial altar of Ru.
  2177 | D:3      | Reached XP level 4. HP: 33/37 MP: 4/4
  2576 | D:3      | Reached skill level 7 in Bows
  3363 | D:3      | Found a radiant altar of Vehumet.
  3366 | D:3      | Found a bloodstained altar of Trog.
  3440 | D:3      | Reached XP level 5. HP: 43/45 MP: 5/5
  3547 | D:3      | Found a shimmering altar of Xom.
  3588 | D:3      | Found a shimmering blue altar of Sif Muna.
  4071 | D:3      | Found a shadowy altar of Dithmenos.
  4071 | D:3      | Found a blossoming altar of Fedhas.
  4071 | D:3      | Found a glowing golden altar of the Shining One.
  4073 | D:3      | Reached skill level 8 in Bows
  4986 | D:2      | Quit the game

Levels and vault maps discovered:
D:1:      ncdulo_wetmaze, layout_loops_ring, patterned_corridor
D:2:      layout_basic, old_standard_altar, gammafunk_temple_overflow_pools,
          serial_glass, glass_columns_a, glass_columns_a, glass_columns_a,
          glass_columns_a, first_ration, corexii_leaking_fountain
D:3:      layout_basic, nicolae_overflow_hidden_temple, lemuel_blue_sif_altar,
          xom_butterflies
D:4:      layout_cave_pools, kennysheep_generic_room_12

Skill      XL: |  1  2  3  4  5 |
---------------+----------------+-----
Bows           | 6 7 8 |  8.4
Fighting       | 3 |  3.8
Dodging        | |  1.3
Stealth        | |  0.4

Action                   |  1- 3 |  4- 6 || total
-------------------------+-------+-------++-------
Melee: Short sword       |   142 |    68 ||   210
       Kick              |    27 |    20 ||    47
 Fire: Shortbow          |       |    12 ||    12
Evoke: Wand              |       |     4 ||     4
  Use: Scroll            |     3 |     5 ||     8
       Potion            |       |     1 ||     1
  Eat: Chunk             |     2 |     3 ||     5
       Ration            |       |     4 ||     4
Armor: Leather armour    |    10 |       ||    10
       Ring mail         |    58 |    34 ||    92
Dodge: Dodged            |    74 |    22 ||    96
